 Dungeon Crawl Stone Soup version 0.24-a0-126-g3f76249 (webtiles) character file.

Game seed: 8117134557000324687

2 zishaf the Charlatan (level 1, 0/16 HPs)
             Began as a Ghoul Artificer on Feb 25, 2019.
             Slain by a jackal (3 damage)
             ... on level 1 of the Dungeon.
             The game lasted 00:01:05 (62 turns).

zishaf the Charlatan (Ghoul Artificer)                Turns: 62, Time: 00:01:06

Health: 0/16       AC:  3    Str: 15    XL:     1   Next: 30%
Magic:  1/1        EV: 11    Int:  6    God:
Gold:   0          SH:  0    Dex:  9    Spells: 0/0 levels left

rFire    . . .     SeeInvis .   (no weapon)
rCold    + . .     Gourm    .   (no shield)
rNeg     + + +     Faith    .   b - +0 leather armour
rPois    ∞         Spirit   .   (no helmet)
rElec    .         Reflect  .   (no cloak)
rCorr    .         Harm     .   (no gloves)
MR       .....                  (no boots)
Stlth    +.........             (no amulet)
HPRegen  0.00/turn              (no ring)
MPRegen  0.07/turn              (no ring)

@: rotting
A: rotting body, claws 1, carnivore, cold resistance 1, negative energy
resistance 3, inhibited regeneration, torment resistance, unbreathing
a: no special abilities


You were on level 1 of the Dungeon.
You were not hungry.

You visited 1 branch of the dungeon, and saw 1 of its levels.

Inventory:

Armour
 b - a +0 leather armour (worn)
Wands
 c - a wand of flame (15)
 d - a wand of enslavement (13)
 e - a wand of random effects (15)
Comestibles
 f - a ration


   Skills:
 + Level 1.2 Fighting
   Level 0.8 Short Blades
 + Level 0.0 Armour
 + Level 1.8 Dodging
 + Level 1.1 Stealth
 + Level 0.0 Unarmed Combat
 + Level 2.7 Evocations


You couldn't memorise any spells.
You didn't know any spells.
Your spell library was empty.

Dungeon Overview and Level Annotations

Branches:
Dungeon (1/15)

Altars:


Innate Abilities, Weirdness & Mutations

Your body is rotting away.
You thrive on raw meat.
You are immune to poison.
You have sharp fingernails.
You are carnivorous and can eat meat at any time.
Your flesh is cold resistant. (rC+)
You are immune to negative energy. (rN+++)
You do not regenerate when monsters are visible.
You are immune to unholy pain and torment.
You can survive without breathing.


Message History

Your jackal barely misses the jackal.
The jackal misses your jackal.
Your jackal misses the jackal. The jackal closely misses your jackal.
Your jackal bites the jackal but does no damage.
The jackal closely misses your jackal.
Your jackal barely misses the jackal.
The jackal misses your jackal.
Your jackal bites the jackal but does no damage.
The jackal barely misses your jackal.
Your jackal bites the jackal but does no damage.
The jackal bites your jackal.
Your jackal dies!
You barely miss the jackal. The jackal bites you.
You barely miss the jackal.
The jackal bites you but does no damage.
You scratch the jackal.
The jackal is heavily wounded.
The jackal bites you.
* * * LOW HITPOINT WARNING * * *
The jackal bites you.
You die...

..#.# #.#.# #.#.#
#####.#.####
...#...#..#
#######.#...#..
............#.#
########.###.#.#
.........h@#hh.#
###.....####...#
+.....'........
#.....######.#...
+.....'...........#
..###.....######.#.#...
........(..............
##.#####...)...... . ..
#.#######..


You could see a jackal.

Vanquished Creatures
  A goblin (D:1)
  A rat (D:1)
2 creatures vanquished.

Vanquished Creatures (others)
  2 ghouls (D:1)
  A minotaur (D:1)
  A draconian (D:1)
  An octopode (D:1)
  A gargoyle (D:1)
  An elf (D:1)
  2 formicids (D:1)
  A human (D:1)
  2 nagas (D:1)
  A dwarf (D:1)
  2 centaurs (D:1)
  2 jackals (D:1)
  6 tentacles (D:1)
23 creatures vanquished.

Grand Total: 25 creatures vanquished

Notes
Turn   | Place    | Note
-------+----------+-------------------------------------------
     0 | D:1      | zishaf the Ghoul Artificer began the quest for the Orb.
     0 | D:1      | Reached XP level 1. HP: 16/16 MP: 1/1
     3 | D:1      | Noticed a minotaur
     3 | D:1      | Noticed a centaur
     3 | D:1      | Noticed an elf
     3 | D:1      | Noticed a ghoul
     3 | D:1      | Noticed an octopode
     3 | D:1      | Noticed a draconian
     3 | D:1      | Noticed a ghoul
     3 | D:1      | Noticed a naga
     3 | D:1      | Noticed a kraken
     3 | D:1      | Noticed a dwarf
     3 | D:1      | Noticed a formicid
     3 | D:1      | Noticed a formicid
     3 | D:1      | Noticed a gargoyle
     3 | D:1      | Noticed a naga
     3 | D:1      | Noticed a centaur
     3 | D:1      | Noticed a human
     3 | D:1      | Killed a naga
     5 | D:1      | Killed a centaur
     5 | D:1      | Killed a naga
     5 | D:1      | Killed a dwarf
     8 | D:1      | Killed a formicid
     8 | D:1      | Killed a gargoyle
     9 | D:1      | Killed an octopode
     9 | D:1      | Killed a formicid
    10 | D:1      | Killed a centaur
    11 | D:1      | Killed a human
    11 | D:1      | Killed a minotaur
    12 | D:1      | Killed an elf
    15 | D:1      | Killed a draconian
    15 | D:1      | Killed a ghoul
    17 | D:1      | Killed a ghoul
    62 | D:1      | Slain by a jackal

Levels and vault maps discovered:
D:1:      nicolae_arrival_kraken_aquarium_b, layout_basic,
          minmay_misc_feat_more_columns

Action                   || total
-------------------------++-------
Melee: Unarmed           ||    13
Evoke: Wand              ||     2
Armor: Leather armour    ||     4
Dodge: Dodged            ||    12

Table legend:
 A = Non-vault XP
 B = Vault XP
 C = Vault XP percentage of total XP
 D = Non-vault monster count
 E = Vault monster count
 F = Vault count percentage of total count
                 A         B        C        D         E       F
            +---------+---------+-------+---------+---------+-------
      Total |       3 |       0 |   0.0 |       2 |       0 |   0.0
            +---------+---------+-------+---------+---------+-------
        D:1 |       3 |       0 |   0.0 |       2 |       0 |   0.0
            +---------+---------+-------+---------+---------+-------
